 Dungeon Crawl Stone Soup version 0.28-a0-796-gd4f0d3f9b2 (webtiles) character file.

Game seed: 17636426786649986732

75 Astera the Cutter (level 4, 0/28 HPs)
             Began as a Kobold Fighter on Nov 6, 2021.
             Slain by a phantom (6 damage)
             ... on level 2 of the Dungeon.
             The game lasted 00:04:06 (2209 turns).

Astera the Cutter (Kobold Fighter)                  Turns: 2209, Time: 00:04:07

Health: 0/28       AC:  6    Str: 14    XL:     4   Next: 55%
Magic:  0/4        EV: 10    Int:  9    God:
Gold:   117        SH:  5    Dex: 14    Spells: 3/3 levels left

rFire   . . .      SeeInvis .   a - +0 rapier
rCold   . . .      Faith    .   c - +0 buckler
rNeg    . . .      Spirit   +   b - +0 scale mail
rPois   .          Reflect  .   (no helmet)
rElec   .          Harm     .   (no cloak)
rCorr   .          Rampage  .   (no gloves)
Will    .....                   (no boots)
Stlth   +.........              i - amulet of guardian spirit
HPRegen 0.09/turn               (no ring)
MPRegen 0.09/turn               (no ring)

@: no status effects
A: small, no large weapons, nightstalker 3
a: no special abilities


You were on level 2 of the Dungeon.
You visited 1 branch of the dungeon, and saw 2 of its levels.

You collected 117 gold pieces.

Inventory:

Hand Weapons
 a - a +0 rapier (weapon)
Armour
 b - a +0 scale mail (worn)
 c - a +0 buckler (worn)
Jewellery
 i - an amulet of guardian spirit (around neck)
Scrolls
 e - a scroll of identify {unknown}
 h - a scroll of silence {unknown}
Potions
 d - a potion of might
 f - a potion of magic {unknown}
 g - a potion of attraction {unknown}


   Skills:
 + Level 3.5 Fighting
 + Level 4.4 Short Blades
 + Level 2.9 Armour
 + Level 0.6 Dodging
 + Level 0.2 Stealth
 + Level 2.7 Shields


You had 3 spell levels left.
You didn't know any spells.
Your spell library was empty.

Dungeon Overview and Level Annotations

Branches:
Dungeon (2/15)

Altars:


Innate Abilities, Weirdness & Mutations

You are small and have problems with some larger weapons.
You are completely attuned to the shadows.


Message History

You barely miss the phantom.
The phantom is lightly damaged.
You block the phantom's attack.
You hit the phantom but do no damage.
The phantom is lightly damaged.
The phantom barely misses you.
You puncture the phantom!
The phantom is moderately damaged.
The phantom hits you but does no damage.
You miss the phantom.
The phantom is moderately damaged.
The phantom hits you!
You hit the phantom but do no damage.
The phantom is moderately damaged.
The phantom hits you.
The phantom blinks!
You blink.
You hit the phantom.
The phantom is heavily damaged.
The phantom barely misses you.
You hit the phantom.
The phantom is heavily damaged.
The phantom hits you.
* * * LOW HITPOINT WARNING * * *
The phantom blinks!
You blink.
You block the ball python's attack. x2
You hit the phantom.
The phantom is severely damaged.
The phantom closely misses you. The ball python misses you.
You block the ball python's attack.
You completely miss the phantom.
The phantom is severely damaged.
You block the ball python's attack. The ball python completely misses you.
The phantom hits you but does no damage.
You hit the ball python.
You kill the ball python!
The phantom hits you.
* * * LOW HITPOINT WARNING * * *
The phantom blinks!
You blink.
You completely miss the phantom.
The phantom is severely damaged.
The phantom hits you!
You die...

###. ########.# .# #.#
.############# #####.#
.#†#..#..#)..###..##.#
.#.##.##..)###.#.....##
.#..#..†.###.#..#§#...#
.##....###.#..#.#§##..#
.#...###.#..#.###.##..#
.#.###.#..#.###.@.##..#
.#'#.#(.#.###..W###...#
.#......###...###
##.### ###.#..#.##..#
#...# ###.#..#.##.
###†# #.##.#..#.## #.#
#..##.#..#.## #.#
##..##.#..#.## #.#
#....##.#..#.## #.#


You could see a phantom.

Vanquished Creatures
  2 adders (D:2)
  A worm (D:2)
  3 dart slugs (D:2)
  5 bats
  4 endoplasms
  8 giant cockroaches
  A goblin (D:2)
  4 hobgoblins
  A jackal (D:2)
  5 kobolds
  2 quokkas (D:2)
  4 ball pythons (D:2)
  5 rats
45 creatures vanquished.

Notes
Turn   | Place    | Note
-------+----------+-------------------------------------------
     0 | D:1      | Astera the Kobold Fighter began the quest for the Orb.
     0 | D:1      | Reached XP level 1. HP: 14/14 MP: 1/1
   244 | D:1      | Reached XP level 2. HP: 14/19 MP: 2/2
   373 | D:1      | Reached skill level 3 in Short Blades
   808 | D:2      | Reached XP level 3. HP: 23/23 MP: 3/3
  1474 | D:2      | Reached skill level 4 in Short Blades
  1744 | D:2      | Reached XP level 4. HP: 27/28 MP: 4/4
  2182 | D:2      | Noticed a phantom
  2209 | D:2      | Slain by a phantom

Illustrated notes

Levels and vault maps discovered:
D:1:      roderic_octagonal_star, layout_rooms
D:2:      minmay_razor_zed, layout_loops_ring

Skill      XL: |  1  2  3 |
---------------+----------+-----
Short Blades   | 3 4 |  4.4
Fighting       | |  3.5
Armour         | |  2.9
Dodging        | |  0.6
Stealth        | |  0.2
Shields        | |  2.7

Action                   |  1- 3 |  4- 6 || total
-------------------------+-------+-------++-------
Melee: Rapier            |   121 |    77 ||   198
 Stab: Sleeping          |     1 |       ||     1
Armor: Scale mail        |    51 |    23 ||    74
Dodge: Dodged            |    52 |    52 ||   104
Block: Buckler           |    28 |    28 ||    56

Table legend: (Time is in decaauts)
 A = Elapsed time spent in this place.
 B = Non-inter-level travel time spent in this place.
 C = Inter-level travel time spent in this place.
 D = Time resting spent in this place.
 E = Time spent auto-exploring this place.
 F = Levels seen in this place.
 G = Mean time per level.
                   A        B        C        D        E       F      G
               +--------+--------+--------+--------+--------+-----+--------+
         Total |   2221 |   2208 |     13 |    169 |   1632 |   2 | 1110.5 |
       Dungeon |   2221 |   2208 |     13 |    169 |   1632 |   2 | 1110.5 |
               +--------+--------+--------+--------+--------+-----+--------+

Top non-repeatable levels by time:
     D:2: 1438 daAuts
     D:1: 783 daAuts
